 Dungeon Crawl Stone Soup version 0.21-a0-264-g3e31e41 (webtiles) character file.

1381 Manul the Sneak (level 8, -5/42 HPs)
             Began as a Vine Stalker Assassin on Sept 9, 2017.
             Was an Initiate of Gozag.
             Slain by a hornet (9 damage)
             ... while paralysed by a hornet
             ... on level 6 of the Dungeon.
             The game lasted 00:07:45 (5368 turns).

Manul the Sneak (Vine Stalker Assassin)             Turns: 5368, Time: 00:07:46

Health: -5/42      AC:  8    Str: 15    XL:     8   Next: 67%
Magic:  0/9        EV:  2    Int: 11    God:    Gozag
Gold:   652        SH:  0    Dex: 17    Spells: 7/7 levels left

rFire    . . .     SeeInvis .   G - +5 great sword
rCold    . . .     Gourm    .   (shield currently unavailable)
rNeg     . . .     Faith    .   o - +0 leather armour
rPois    .         Spirit   +   r - +0 helmet
rElec    .         Reflect  .   d - +0 cloak
rCorr    .         Harm     .   (no gloves)
MR       +....                  (no boots)
Stlth    ++++......             (no amulet)
HPRegen  0.54/turn              k - +3 ring of protection
MPRegen  0.11/turn              (no ring)

@: paralysed, lethally poisoned (-5 -> -7), slowed
A: fangs 3, regeneration 1, magic shield, antimagic bite, no potion heal 3, rot
immunity
a: Potion Petition, Call Merchant, Bribe Branch, Renounce Religion


You were on level 6 of the Dungeon.
You worshipped Gozag.
Gozag was pleased with you.
You were not hungry.

You visited 2 branches of the dungeon, and saw 7 of its levels.
You also visited: Sewer and Ossuary.

You collected 739 gold pieces.
You paid 87 gold pieces to Gozag.

Inventory:

Hand Weapons
 a - a +2 dagger
 b - a +0 blowgun
 G - a +5 great sword (weapon)
Missiles
 e - 42 poisoned needles
 f - 2 curare-tipped needles
Armour
 d - a +0 cloak (worn)
 o - a +0 leather armour (worn)
 r - a +0 helmet (worn)
Jewellery
 k - a +3 ring of protection (left hand)
Wands
 p - a wand of acid (8/15)
Scrolls
 c - a scroll of noise {unknown}
 h - 8 scrolls of identify
 j - a scroll of enchant weapon {unknown}
 n - 4 scrolls of teleportation {unknown}
 u - a scroll of immolation {unknown}
 v - a scroll of remove curse
 y - 2 scrolls of recharging {unknown}
 B - 2 scrolls of amnesia {unknown}
 E - a scroll of enchant armour {unknown}
Potions
 l - 2 potions of mutation {unknown}
 q - 2 potions of heal wounds {unknown}
 s - a potion of haste {unknown}
 t - 2 potions of ambrosia {unknown}
 w - 3 potions of might
 x - 5 potions of lignification {unknown}
 z - 2 potions of flight {unknown}
 A - 2 potions of degeneration {unknown}
 C - 2 potions of curing {unknown}
 D - a potion of magic {unknown}
 F - a potion of agility {unknown}
Comestibles
 g - 2 bread rations
 i - a royal jelly
 m - a fruit


   Skills:
 + Level 4.2 Fighting
 + Level 5.6 Short Blades
 + Level 0.1(3.4) Long Blades
 - Level 2.0 Throwing
 + Level 3.2 Armour
 + Level 3.1 Dodging
 + Level 7.5 Stealth


You had 7 spell levels left.
You didn't know any spells.

Dungeon Overview and Level Annotations

Branches:
Dungeon (6/15)             Temple (1/1) D:4

Altars:
Ashenzari
Cheibriados
Fedhas
Gozag
Hepliaklqana
Kikubaaqudgha
Makhleb
Nemelex Xobeh
Okawaru
Qazlal
Sif Muna
Uskayaw
Vehumet
Wu Jian
Xom
Yredelemnul
Zin
The Shining One


Innate Abilities, Weirdness & Mutations

You have razor-sharp teeth.
Your natural rate of healing is unusually fast.
When hurt, damage is shared between your health and your magic reserves.
Your bite disrupts and absorbs the magic of your enemies.
Potions cannot restore your health.
You are immune to rotting.


Message History

The bullfrog hits you but does no damage.
The bullfrog hits you.
You miss the bullfrog.
The bullfrog is almost dead.
The hound skeleton is no longer distracted by gold.
The bullfrog hits you. The hornet stings you!
You feel yourself slow down.
The bullfrog hits you but does no damage.
The hornet stings you!
You feel as though you will be slow longer.
The bullfrog hits you. The hornet stings you.
You are poisoned.
You suddenly lose the ability to move!
The bullfrog hits you.
You feel sick. The hornet stings you!
* * * LOW HITPOINT WARNING * * *
You feel as though you will be slow longer.
The bullfrog hits you.
* * * LOW HITPOINT WARNING * * *
The hornet stings you!
You die...
Your body crumbles into a pile of gold.

♣≈P♣ ***** #.####)#...#≈≈#...#..
♣≈♣♣ *,,,* *,* #.≈###≈≈≈≈###≈..
..******,****,####..≈≈≈≈≈≈≈≈≈≈...
≈≈≈≈****,,,,,,#.....≈≈≈≈≈≈≈≈≈≈...
≈≈≈≈≈≈≈,,*****#.#..≈###≈≈≈≈###≈..
≈≈≈*≈***,* #$##.#...#≈≈*,,.#..
*,,*****,* ###.##.#.⌠.#,.*,⌠,*,*
*≈≈**$**,* #..$$y.#...#,,*,,,*,*
*,***,**,* #..$@FZ.###..,,***,,*
,≈* *,,*,* #............,,,,,,,*
,,****,*,* #.....##.#.#.,,*,****
*,,***,*,** #.....#*,#,**,,*,*
**,,,,,,$,* #######*,,,,,,,,,*
**,**,**,* ******,****
*,**,,*,******** *,*
*,**,,,,*,,,,,,* *,*
*,***,*,,,,,,,,* *****,*


You could see a hornet, a bullfrog and a hound skeleton.

Vanquished Creatures
  2 phantoms
  3 ogres
  A big kobold (Sewer)
  2 scorpions
  The ghost of Manul the Sneak, a weakling DsAs of Gozag (D:3)
  3 wights (D:6)
  A crimson imp (D:6)
  A bullfrog skeleton (D:5)
  2 iguanas
  Natasha (thrice) (D:3)
  3 orc wizards
  2 worker ants
  A hound skeleton (D:5)
  4 mummies (Ossuary)
  A howler monkey skeleton (D:6)
  8 adders
  3 gnolls (D:4)
  2 river rats (Sewer)
  A shadow imp (D:5)
  3 oozes
  8 worms
  2 dart slugs
  5 leopard geckos
  9 orcs
  4 ball pythons
  4 bats
  7 giant cockroaches
  3 gnoll zombies (Ossuary)
  5 goblins
  A hobgoblin (D:3)
  9 jackals
  3 quokkas
  7 frilled lizards
  A gnoll skeleton (Ossuary)
  5 goblin skeletons (Ossuary)
  3 hobgoblin skeletons (Ossuary)
  4 hobgoblin zombies (Ossuary)
  A jackal skeleton (D:4)
  7 kobolds
  4 kobold skeletons (Ossuary)
  3 kobold zombies (Ossuary)
  A leopard gecko skeleton (D:4)
  An orc skeleton (Ossuary)
  An orc zombie (Ossuary)
  7 rats
  2 rat skeletons (Ossuary)
  2 rat zombies (Ossuary)
156 creatures vanquished.

Vanquished Creatures (others)
  A gnoll zombie (Ossuary)
  A goblin skeleton (Ossuary)
  A goblin zombie (Ossuary)
  4 hobgoblin skeletons (Ossuary)
  2 hobgoblin zombies (Ossuary)
  A kobold skeleton (Ossuary)
  3 kobold zombies (Ossuary)
  An orc skeleton (Ossuary)
  2 orc zombies (Ossuary)
  2 rat skeletons (Ossuary)
  3 rat zombies (Ossuary)
  2 plants (D:6)
23 creatures vanquished.

Grand Total: 179 creatures vanquished

Notes
Turn   | Place    | Note
-------+----------+-------------------------------------------
     0 | D:1      | Manul the Vine Stalker Assassin began the quest for the Orb.
     0 | D:1      | Reached XP level 1. HP: 11/11 MP: 2/2
   125 | D:1      | Reached skill level 5 in Stealth
   401 | D:1      | Reached XP level 2. HP: 15/15 MP: 3/3
  1020 | D:2      | Reached XP level 3. HP: 17/18 MP: 4/4
  1079 | D:1      | Reached skill level 1 in Dodging
  1079 | D:1      | Reached skill level 6 in Stealth
  1237 | D:2      | Gained mutation: Your natural rate of healing is unusually fast. [Vine Stalker growth]
  1237 | D:2      | Reached XP level 4. HP: 23/23 MP: 5/5
  1287 | D:2      | Noticed a phantom
  1660 | D:2      | Found a hazy altar of Hepliaklqana.
  1660 | D:2      | Found a stormy altar of Qazlal.
  1790 | D:2      | Killed a phantom
  1790 | D:2      | Reached skill level 1 in Armour
  1790 | D:2      | Reached XP level 5. HP: 19/26 MP: 6/6
  1975 | D:3      | Noticed Manul's ghost (weakling DsAs)
  2043 | D:3      | Killed Manul's ghost
  2043 | D:3      | Reached XP level 6. HP: 22/32 MP: 5/7
  2061 | D:3      | Noticed Natasha
  2076 | D:3      | Killed Natasha
  2086 | D:3      | Noticed Natasha
  2096 | D:3      | Killed Natasha
  2197 | D:3      | Noticed Natasha
  2212 | D:3      | Killed Natasha
  2497 | D:4      | Found a blossoming altar of Fedhas.
  2830 | D:4      | Found a glowing drain.
  2858 | Sewer    | Entered a sewer
  2952 | Sewer    | Reached XP level 7. HP: 26/36 MP: 8/8
  3091 | Sewer    | Found a white marble altar of Elyvilon.
  3257 | D:4      | Found a staircase to the Ecumenical Temple.
  3264 | Temple   | Entered the Ecumenical Temple
  3743 | D:5      | Entered Level 5 of the Dungeon
  3776 | D:5      | Found a burning altar of Makhleb.
  3822 | D:5      | Reached skill level 7 in Stealth
  3857 | D:5      | Gained mutation: You have razor-sharp teeth. [Vine Stalker growth]
  3857 | D:5      | Reached XP level 8. HP: 23/40 MP: 9/9
  4174 | D:5      | Found an opulent altar of Gozag.
  4276 | D:5      | Became a worshipper of Gozag Ym Sagoz the Greedy
  4303 | D:5      | Found a blossoming altar of Fedhas.
  4303 | D:5      | Found an ancient bone altar of Kikubaaqudgha.
  4391 | D:5      | Found a burning altar of Makhleb.
  4621 | D:6      | Reached skill level 5 in Short Blades
  4665 | D:6      | Found a sand-covered staircase.
  4672 | Ossuary  | Entered an ossuary
  5363 | D:6      | Noticed a hornet
  5367 | D:6      | Paralysed by a hornet for 3 turns
  5368 | D:6      | Slain by a hornet

Vault maps used:
D:1:      dpeg_arrival_boxes_within_box, hangedman_glass_teeth
D:2:      gammafunk_temple_overflow_elements, first_bread
D:3:      kennysheep_generic_room_5, uniq_natasha
D:4:      minmay_temple_entry_mist, portal_sewer_entry_b, fedhas_altar_3
D:5:      grunt_temple_overflow_growth_and_decay,
          nicolae_overflow_crystal_walls, grunt_gozag_statues, bloody_makhleb
D:6:      chequers_ossuary_entry_cave, serial_bayou, serial_bayou_shore_b,
          serial_bayou_crossing, serial_bayou_lagoon_a, serial_bayou_ford_a,
          minivault_11, fountainhead, uniq_menkaure
Temple:   minmay_temple_bridge_abc
Sewer:    sewer_kobolds
Ossuary:  ossuary_due_pyramid

Skill      XL: |  1  2  3  4  5  6  7  8 |
---------------+-------------------------+-----
Stealth        | 5 6 7 |  7.5
Short Blades   | 2 3 4 5 |  5.6
Fighting       | 2 3 4 |  4.2
Throwing       | 2 |  2.0
Dodging        | 1 2 3 |  3.1
Armour         | 1 2 3 |  3.2
Long Blades    | |  0.1

Action                   |  1- 3 |  4- 6 |  7- 9 || total
-------------------------+-------+-------+-------++-------
Melee: Dagger            |    53 |   291 |   346 ||   690
       Bite              |    13 |    80 |   114 ||   207
       Great sword       |       |       |     6 ||     6
Evoke: Wand              |     1 |       |     1 ||     2
  Use: Scroll            |     1 |     5 |     1 ||     7
 Stab: Sleeping          |     7 |     8 |     5 ||    20
       Distracted        |       |       |     1 ||     1
  Eat: Chunk             |     1 |     6 |     5 ||    12
       Bread ration      |       |       |     1 ||     1
Armor: Robe              |     3 |       |       ||     3
       Leather armour    |    10 |    65 |    68 ||   143
Dodge: Dodged            |    25 |   141 |   139 ||   305
       Rpst.: Great sword |       |       |     2 ||     2

Table legend:
 A = Spawn XP
 B = Non-spawn XP
 C = Spawn XP percentage of total XP
 D = Spawn monster count
 E = Non-spawn monster count
 F = Spawn count percentage of total count
 G = Total turns spent on level
                    A         B        C        D         E        F      G
               +---------+---------+-------+---------+---------+-------+---------
         Total |       0 |    1974 |   0.0 |       0 |     152 |   0.0 |  5368
               +---------+---------+-------+---------+---------+-------+---------
           D:1 |       0 |      60 |   0.0 |       0 |      13 |   0.0 |  1243
           D:2 |       0 |     182 |   0.0 |       0 |      18 |   0.0 |   576
           D:3 |       0 |     220 |   0.0 |       0 |      19 |   0.0 |   748
           D:4 |       0 |     451 |   0.0 |       0 |      25 |   0.0 |   692
           D:5 |       0 |     385 |   0.0 |       0 |      16 |   0.0 |   815
           D:6 |       0 |     469 |   0.0 |       0 |      22 |   0.0 |   340
         Sewer |       0 |     138 |   0.0 |       0 |      10 |   0.0 |   276
       Ossuary |       0 |      69 |   0.0 |       0 |      29 |   0.0 |   468
               +---------+---------+-------+---------+---------+-------+---------
